 Dungeon Crawl Stone Soup version 0.30-b1-2-g02819fbbbe (webtiles) character file.

Game seed: 3999652368724859388

2370 MisterFreud the Transmogrifier (level 9, 0/71 HPs)
             Began as a Red Draconian Transmuter on Aug 24, 2023.
             Engulfed by a cloud of flame (10 damage)
             ... on level 6 of the Dungeon.
             The game lasted 00:12:25 (7499 turns).

MisterFreud the Transmogrifier (DrTm)               Turns: 7499, Time: 00:12:26

Health: 0/71       AC: 12    Str: 14    XL:     9   Next: 21%
Magic:  12/12      EV: 15    Int: 15    God:
Gold:   421        SH:  0    Dex: 19    Spells: 5/12 levels left

rFire   + .          .
                       - Unarmed
rCold   . . .        (no shield)
rNeg    . . .        (body armour unavailable)
rPois   .            (helmet restricted)
rElec   .            f - +1 cloak
rCorr   .            c - +2 pair of gloves
SInv    .            (no boots)
Will    .....        s - amulet of regeneration
Stlth   ++           h - +6 ring of dexterity
HPRegen 1.11/turn    (no ring)
MPRegen 0.13/turn

%: no passive effects
@: short of breath
A: breathe fire, AC +7, unfitting armour, fire resistance 1, cold-blooded
a: Breathe Fire


You were on level 6 of the Dungeon.
You visited 1 branch of the dungeon, and saw 7 of its levels.
You also visited: Ossuary.

You collected 421 gold pieces.

Inventory:

Missiles
 g - 3 boomerangs of dispersal
 o - 4 throwing nets
 v - 10 poisoned darts
 x - 5 boomerangs
Armour
 c - a +2 pair of gloves (worn)
 f - a +1 cloak (worn)
Jewellery
 b - an amulet of guardian spirit
 h - a +6 ring of dexterity (left hand)
 j - an amulet of the acrobat
 l - a ring of fire
 s - an amulet of regeneration (around neck)
Wands
 r - a wand of quicksilver (7)
 t - a wand of iceblast (10)
 w - a wand of mindburst (19)
Potions
 a - a potion of lignification
 d - 2 potions of attraction
 e - a potion of cancellation
 i - 2 potions of might
 k - a potion of resistance
 m - a potion of curing {unknown}
 n - 2 potions of flight
 p - 2 potions of mutation {unknown}
 q - 3 potions of brilliance
 u - a potion of invisibility {unknown}


   Skills:
 - Level 4.0 Fighting
 + Level 5.1 Dodging
 - Level 6.0 Unarmed Combat
 - Level 2.0 Spellcasting
 - Level 8.0 Transmutations
 - Level 4.0 Ice Magic


You had 5 spell levels left.
You knew the following spells:

 Your Spells              Type           Power      Damage    Failure   Level
a - Ice Form              Ice/Tmut       19%        N/A       19%         4
b - Spider Form           Tmut/Pois      13%        N/A       13%         3

Your spell library contained the following spells:

 Spells                   Type           Power      Damage    Failure   Level
 Beastly Appendage        Tmut           50%        N/A       1%          1
 Wereblood                Tmut           25%        N/A       1%          2
 Apportation              Tloc           2%         N/A       22%         1
 Magic Dart               Conj           4%         1d3       22%         1
 Necrotise                Necr           4%         1d4       22%         1
 Summon Small Mammal      Summ           4%         N/A       22%         1
 Searing Ray              Conj           2%         2d4       32%         2
 Gell's Gravitas          Tloc           1%         N/A       54%         3
 Inner Flame              Hex/Fire       1%         N/A       54%         3
 Teleport Other           Tloc           1%         N/A       54%         3
 Yara's Violent Unravell  Hex/Tmut       6%         3d5       75%         5
 Fulminant Prism          Conj/Hex       0%         3d5       91%         4
 Dispersal                Tloc           0%         N/A       100%        6
 Enfeeble                 Hex            0%         N/A       100%        7


Dungeon Overview and Level Annotations

Branches:
Dungeon (7/15)             Temple (0/1) D:6         Ossuary (visited)

Altars:
Fedhas
Hepliaklqana
Kikubaaqudgha
Makhleb
Okawaru
Qazlal
Ru
Sif Muna
Trog
Uskayaw
Wu Jian
The Shining One

Shops:
D:6 (


Innate Abilities, Weirdness & Mutations

You can breathe blasts of fire.
Your fiery red scales are hard. (AC +7)
You cannot fit into any form of body armour.
Your flesh is heat resistant. (rF+)
You are cold-blooded and may be slowed by cold attacks.


Message History

You hit something. You punch something. Something hits you.
Something hits you but does no damage. Something hits you but does no damage.
Something hits you. Something barely misses you. Something hits you.
You barely miss something. Something hits you. Something hits you.
Something barely misses you.
You hit something. You punch something. Something hits you but does no damage.
Something barely misses you. Something hits you.
Something hits you but does no damage. x2
Something hits you but does no damage.
You hit something. Something barely misses you.
You hit something.
Your tail-slap misses something.
Something hits you.
Aiming: Breathe Fire (4% risk of failure)
Press: ? - help, Shift-Dir - straight line You breathe a blast of fire.
The fiery breath hits something!
Something hits you but does no damage.
Unknown command.
Unknown command.
Something hits you. x2
Something hits you. Something hits you but does no damage. Something hits you!
* * * LOW HITPOINT WARNING * * *
Something completely misses you.
Really walk into that cloud of flame? [Y]es or [N]o only, please.
Really walk into that cloud of flame? [Y]es or [N]o only, please.
Really walk into that cloud of flame? [Y]es or [N]o only, please.
Really walk into that cloud of flame?
Okay, then.
Really walk into that cloud of flame?
You are engulfed in blazing flames.
You resist.
* * * LOW HITPOINT WARNING * * *
Something hits you.
* * * LOW HITPOINT WARNING * * *
There is a stone staircase leading down, spattered with blood here.
You are engulfed in blazing flames.
You resist.
You die...

##############
#......#.....# ###
#.####.......# #..
#.# ##..#....###'#
#.# #..#_#..##.'_)
#.###...#......#)#
###..........####..#
#..@.###.#........##
#....# #.###.####.#.
#....###......###.#.
###....#####..#...#.
#.#..#......#.###.
#..............(..
####...##.####.#.#.#.
#..............#.#...
##.###.##.####.#.....


There were no monsters in sight!

Vanquished Creatures
  Sigmund (D:5)
  Edmund (D:6)
  An ice beast (D:6)
  A centaur (D:5)
  A phantom (D:5)
  2 elf zombies (Ossuary)
  3 bullfrogs
  2 necrophages (D:6)
  2 scorpions (D:6)
  A gnoll sergeant (D:5)
  A wyvern zombie (D:6)
  A water moccasin zombie (D:6)
  4 wights (D:6)
  An electric eel (D:7)
  5 centaur zombies
  2 bullfrog zombies (D:6)
  3 human zombies
  A hound (D:4)
  3 orc priests
  Crazy Yiuf (D:2)
  2 orc wizards
  2 hound zombies (Ossuary)
  Robin (D:3)
  3 mummies (Ossuary)
  4 gnolls (D:5)
  4 adders
  2 river rats (D:3)
  6 adder zombies (Ossuary)
  3 worms
  5 dart slugs
  13 orcs
  6 endoplasms
  2 giant cockroaches (D:3)
  A gnoll zombie (Ossuary)
  22 goblins
  7 hobgoblins
  7 kobolds
  3 quokkas
  8 ball pythons
  6 bats
  7 frilled lizards
  A goblin zombie (Ossuary)
  2 hobgoblin zombies (Ossuary)
  5 jackal zombies (Ossuary)
  3 kobold zombies (Ossuary)
  An orc zombie (Ossuary)
  3 quokka zombies (Ossuary)
  7 rats
  4 rat zombies (Ossuary)
177 creatures vanquished.

Notes
Turn   | Place    | Note
-------+----------+-------------------------------------------
     0 | D:1      | MisterFreud the Draconian Transmuter began the quest for
                  | the Orb.
     0 | D:1      | Reached XP level 1. HP: 16/16 MP: 3/3
   181 | D:1      | Reached XP level 2. HP: 22/23 MP: 5/5
   329 | D:1      | Reached skill level 3 in Transmutations
   732 | D:1      | Reached XP level 3. HP: 25/28 MP: 6/6
   999 | D:2      | Found a faded altar of an unknown god.
  1095 | D:2      | Reached skill level 4 in Transmutations
  1163 | D:2      | Found a runed translucent door.
  1164 | D:2      | Noticed Crazy Yiuf
  1258 | D:2      | Learned a level 3 spell: Spider Form
  1319 | D:2      | Reached XP level 4. HP: 35/35 MP: 7/7
  1520 | D:2      | HP: 1/35 [Crazy Yiuf/+2 quarterstaff of chaos (9)]
  1527 | D:2      | Killed Crazy Yiuf
  1807 | D:3      | Reached skill level 5 in Transmutations
  1886 | D:3      | Noticed Robin
  1892 | D:3      | Reached XP level 5. HP: 40/40 MP: 4/8
  1898 | D:3      | Killed Robin
  2130 | D:3      | Found a glowing golden altar of the Shining One.
  2220 | D:3      | Found a blossoming altar of Fedhas.
  2241 | D:3      | Found an ornate altar of the Wu Jian Council.
  3275 | D:4      | Reached XP level 6. HP: 21/51 MP: 2/9
  3418 | D:4      | Found a bloodstained altar of Trog.
  3674 | D:4      | Found a sand-covered staircase.
  3704 | Ossuary  | Entered an ossuary
  3972 | Ossuary  | Reached skill level 5 in Unarmed Combat
  4040 | Ossuary  | Learned a level 4 spell: Ice Form
  4066 | Ossuary  | Your scales start taking on a fiery red colour.
  4066 | Ossuary  | Reached XP level 7. HP: 56/59 MP: 10/10
  4066 | Ossuary  | Gained mutation: Your flesh is heat resistant. (rF+) [Red
                  | Draconian growth]
  4153 | Ossuary  | Reached skill level 1 in Ice Magic
  4491 | D:5      | Entered Level 5 of the Dungeon
  4789 | D:5      | Found a burning altar of Makhleb.
  4819 | D:5      | Found the +5 scythe "Finisher" {speed, execute}
  4826 | D:5      | Noticed a +0 hand axe
  4826 | D:5      | Noticed a +0 hand axe
  4827 | D:5      | Found a hide-covered altar of Uskayaw.
  4874 | D:5      | Noticed Sigmund
  4885 | D:5      | Killed Sigmund
  4886 | D:5      | Reached skill level 6 in Transmutations
  4886 | D:5      | Reached XP level 8. HP: 61/66 MP: 11/11
  5125 | D:5      | Found a shimmering blue altar of Sif Muna.
  5733 | D:6      | Found an iron altar of Okawaru.
  5914 | D:6      | Found a stormy altar of Qazlal.
  5925 | D:6      | Reached skill level 7 in Transmutations
  6007 | D:6      | Noticed Edmund
  6029 | D:6      | Killed Edmund
  6111 | D:6      | Found a sacrificial altar of Ru.
  6184 | D:6      | Found Lourouv's Antique Weapon Shoppe.
  6243 | D:6      | Found a staircase to the Ecumenical Temple.
  6297 | D:6      | Found a hazy altar of Hepliaklqana.
  6323 | D:6      | Reached skill level 8 in Transmutations
  6450 | D:6      | HP: 1/73 [wight/+3 long sword (3)]
  6636 | D:6      | Found an ancient bone altar of Kikubaaqudgha.
  6705 | D:6      | Reached XP level 9. HP: 68/71 MP: 12/12
  7092 | D:7      | HP: 3/70 [something (6)]
  7362 | D:7      | Reached skill level 5 in Dodging
  7499 | D:6      | Engulfed by a cloud of flame

Illustrated notes

Levels and vault maps discovered:
D:1:      minmay_arrival_floating_metal, layout_loops_ring, skrybe_limestone_x,
          minmay_tetromino_o4
D:2:      layout_rooms, ebering_ecumenical_altar_webs, uniq_crazy_yiuf_cottage
D:3:      layout_loops_corners, mainiacjoe_overflow_paths,
          mainiacjoe_overflow_catch_the_wave, gup_sewer_entry_spiral, uniq_robin
D:4:      layout_loops_ring, trog_hazing_becter,
          nicolae_ossuary_entry_false_entrances
D:5:      layout_layer_cave, old_standard_altar, lemuel_tele_altar,
          dancing_weapons_uskayaw, uniq_sigmund
D:6:      layout_basic, mainiacjoe_overflow_alcove_1, okawaru_metal_pillars_1_2,
          lemuel_mausoleum_altar_kikubaaqudgha, kennysheep_mini,
          lemuel_doored_altar, temple_doors_ab, serial_shops,
          nicolae_shop_waterfront, uniq_edmund
D:7:      kennysheep_slugbush, layout_loops_ring, grunt_gozag_statues,
          nzn_ghost_randoct, nicolae_nh_ransacked_shop

Skill      XL: |  1  2  3  4  5  6  7  8  9 |
---------------+----------------------------+-----
Transmutations | 3 4 5 6 8 |  8.0
Fighting       | 3 4 |  4.0
Unarmed Combat | 4 5 6 |  6.0
Ice Magic      | 2 4 |  4.0
Dodging        | 3 5 |  5.1
Spellcasting   | |  2.0

Action                     |  1- 3 |  4- 6 |  7- 9 || total
---------------------------+-------+-------+-------++-------
  Melee: Unarmed           |   123 |   351 |   334 ||   808
         Tailslap          |    10 |    54 |    58 ||   122
         Punch             |     2 |     7 |    18 ||    27
         Kick              |     9 |       |       ||     9
         Headbutt          |     5 |       |       ||     5
   Cast: Beastly Appendage |     7 |     1 |       ||     8
         Spider Form       |       |     6 |       ||     6
         Ice Form          |       |       |     3 ||     3
Ability: Breathe Fire      |       |       |    24 ||    24
    Use: Scroll            |     1 |     4 |     9 ||    14
         Potion            |       |       |     2 ||     2
   Stab: Sleeping          |       |     3 |     2 ||     5
 Armour: Skin              |    32 |   117 |   179 ||   328
  Dodge: Dodged            |    74 |   217 |   286 ||   577
